Heat vs Stars

Created - Tuesday, January 27, 2015 at 23:51

Goals
1 2 3 T
Heat 4 1 0 5
Stars 0 1 0 1
Shots
1 2 3 T
Heat 18 11 12 41
Stars 4 4 11 19

1st period

1. Heat , Jordan Caron 14 (Nikita Kucherov, Sergei Gonchar) at 5:09
2. Heat , Tomas Fleischmann 17 (Sami Vatanen, Johan Larsson) at 8:17
3. Heat , Tomas Fleischmann 18 (Devante Smith-Pelly, Johan Larsson) at 15:08 (PP)
4. Heat , Sergei Gonchar 13 (Victor Rask, Sami Vatanen) at 15:41

Penalties :
Wacey Hamilton (TEX) for Hooking (Minor) at 2:34, Steven Delisle (TEX) for Interference (Minor) at 13:59

2nd period

5. Heat , Tyson Strachan 13 (Ryan Murphy, Sven Baertschi) at 1:02 (PP)
6. Stars , Spencer Machacek 11 (Justin Shugg, Vinny Saponari) at 15:48

Penalties :
Alexandre Grenier (TEX) for Hooking (Minor) at 0:45, Steven Delisle (TEX) for Tripping (Minor) at 2:29

3rd period

No Goal

Penalties :
Matt Lowry (TEX) for Goalie Interference (Minor) at 4:15, Stuart Percy (ABB) for Hooking (Minor) at 15:46

Goalie Stats

Tomas Vokoun (ABB), 18 saves from 19 shots - (0.947), W, 21-10-8, 60:00 minutes
Joey MacDonald (TEX), 24 saves from 25 shots - (0.960), 44:19 minutes
Hannu Toivonen (TEX), 12 saves from 16 shots - (0.750), L, 4-16-3, 15:41 minutes

Players Stats for Heat

Player Name              G  A  P  +/- PIM S  H  SB GA TA FO     MP     PP MP  PK MP  
------------------------------------------------------------------------------------
Devante Smith-Pelly      0  1  1   0  0   2  1  0  3  0  0/1    19:03   3:39   0:00 
Johan Larsson            0  2  2   0  0   2  2  0  0  1  9/17   19:03   3:39   0:00 
Jordan Caron             1  0  1   2  0   3  1  0  2  0  0/0    13:18   0:00   1:01 
Lucas Lessio             0  0  0   0  0   4  1  0  4  1  1/1    10:14   0:00   0:58 
Max Reinhart             0  0  0   0  0   1  2  1  1  0  6/11   17:25   3:44   0:00 
Michael Ferland          0  0  0   0  0   2  1  0  0  0  0/0     9:16   0:00   0:00 
Nikita Kucherov          0  1  1   2  0   3  0  0  3  0  0/1    12:06   0:00   0:00 
Patrick Holland          0  0  0   0  0   1  1  0  0  0  3/4    10:14   0:00   0:58 
Rickard Rakell           0  0  0   0  0   4  3  0  4  0  0/0    17:25   3:44   0:00 
Ryan Murphy              0  1  1   0  0   5  1  0  1  1  0/0    20:23   4:52   0:00 
Sami Vatanen             0  2  2   2  0   3  0  2  1  1  0/0    22:53   2:31   0:56 
Sergei Gonchar           1  1  2   2  0   2  0  5  0  1  0/0    23:11   2:31   1:03 
Stuart Percy             0  0  0   0  2   0  1  0  0  0  0/0    15:40   0:00   0:00 
Sven Baertschi           0  1  1   0  0   2  0  0  3  0  1/1    17:25   3:44   0:00 
Tomas Fleischmann        2  0  2   0  0   4  0  1  5  0  0/0    19:03   3:39   0:00 
Tyler Wotherspoon        0  0  0   0  0   1  0  1  0  0  0/0    16:44   0:00   1:03 
Tyson Strachan           1  0  1   0  0   2  4  3  2  0  0/0    21:19   4:52   0:56 
Victor Rask              0  1  1   2  0   0  0  0  0  0  5/9    13:18   0:00   1:01 

Players Stats for Stars

Player Name              G  A  P  +/- PIM S  H  SB GA TA FO     MP     PP MP  PK MP  
------------------------------------------------------------------------------------
Alexandre Grenier        0  0  0  -1  2   3  2  2  1  1  0/0    21:37   0:53   5:32 
Austin Madaisky          0  0  0  -2  0   0  0  3  1  1  0/0    15:18   1:06   0:00 
Cameron Gaunce           0  0  0  -1  0   0  1  1  1  1  0/0    28:19   0:00   4:31 
Carlo Colaiacovo         0  0  0   0  0   2  0  0  1  4  0/0    24:20   0:53   5:08 
Carter Bancks            0  0  0  -1  0   0  1  0  1  1  4/7    19:45   0:00   5:49 
Jamie Oleksiak           0  0  0  -1  0   2  3  1  0  3  0/0    25:55   0:53   2:15 
Joonas Rask              0  0  0   0  0   0  0  0  0  0  0/0     0:00   0:00   0:00 
Justin Shugg             0  1  1   0  0   2  2  0  0  0  1/3    21:38   0:53   1:21 
Matt Lowry               0  0  0  -2  2   1  1  0  0  1  3/7    15:23   0:00   0:30 
Matt Watkins             0  0  0   0  0   2  0  0  0  3  0/0    17:48   1:06   0:00 
Michael Davies           0  0  0  -1  0   0  2  0  3  1  0/1    19:34   0:44   1:34 
Micheal Haley            0  0  0   1  0   1  1  0  0  0  0/0     1:32   0:22   0:00 
Patrik Nemeth            0  0  0   1  0   0  0  0  0  0  0/0     1:02   0:00   0:00 
Spencer Machacek         1  0  1   0  0   2  0  1  3  1  0/2    16:05   0:00   0:00 
Steven Delisle           0  0  0  -2  4   0  2  1  0  0  0/0    25:06   1:06   2:52 
Vinny Saponari           0  1  1   1  0   0  0  0  0  0  0/0     0:13   0:00   0:00 
Wacey Hamilton           0  0  0  -1  2   0  1  0  0  0  5/10   19:13   1:06   0:00 
Zac Dalpe                0  0  0  -1  0   4  0  0  0  0  7/15   19:44   0:53   0:00 

3 Stars

1 - Sergei Gonchar (ABB)
2 - Tomas Fleischmann (ABB)
3 - Tyson Strachan (ABB)

Power Play

Heat - 2 on 5 Attempt(s) - 40.00%
Stars - 0 on 1 Attempt(s) - 0.00%

Penalty Kill

Heat - 1 on 1 Attempt(s) - 100.00% - Score 0 goal in Penalty Kill
Stars - 3 on 5 Attempt(s) - 60.00% - Score 0 goal in Penalty Kill

Team Stat

Heat - Hits : 18 - Faceoff Wins : 25 - Blocked Shots : 13 - Penalty Minutes : 2
Stars - Hits : 16 - Faceoff Wins : 20 - Blocked Shots : 9 - Penalty Minutes : 10

Official

Referees : Unknown
Linesman : Unknown

Game Notes

Joey MacDonald enters game at 15:41 of 1st period

Finance

Level 1 -- Attendance: 1443 (72.15%) -- Ticket Income $50,505
Level 2 -- Attendance: 764 (76.40%) -- Ticket Income $11,460
Total Attendance: 2207 (73.57%)
Total Ticket Income: $61,965
Other Income: $30,363
Total Income: $92,328

Heat

5 vs 5 Forward 
   Center                   Left Wing                Right Wing               Time % Phy DF OF 
 1 Johan Larsson            Tomas Fleischmann        Devante Smith-Pelly      34     1   2  2  
 2 Max Reinhart             Sven Baertschi           Rickard Rakell           30     1   2  2  
 3 Victor Rask              Nikita Kucherov          Jordan Caron             24     1   2  2  
 4 Patrick Holland          Lucas Lessio             Michael Ferland          12     1   2  2  

5 vs 5 Defense 
   Defense                  Defense                                           Time % Phy DF OF 
 1 Sergei Gonchar           Sami Vatanen                                      35     1   2  2  
 2 Tyson Strachan           Ryan Murphy                                       30     1   2  2  
 3 Tyler Wotherspoon        Stuart Percy                                      25     1   2  2  
 4 Sergei Gonchar           Sami Vatanen                                      10     1   2  2  

PowerPlay Forward 
   Center                   Left Wing                Right Wing               Time % Phy DF OF 
 1 Johan Larsson            Tomas Fleischmann        Devante Smith-Pelly      50     0   0  5  
 2 Max Reinhart             Sven Baertschi           Rickard Rakell           50     0   0  5  

PowerPlay Defense
   Defense                  Defense                                           Time % Phy DF OF 
 1 Sergei Gonchar           Sami Vatanen                                      50     0   1  4  
 2 Tyson Strachan           Ryan Murphy                                       50     0   1  4  

Penalty Kill 4 Players Forward 
   Center                   Wing                     Time % Phy DF OF 
 1 Victor Rask              Jordan Caron             50     1   2  2  
 2 Patrick Holland          Lucas Lessio             50     1   2  2  

Penalty Kill 4 Players Defense
   Defense                  Defense                  Time % Phy DF OF 
 1 Sergei Gonchar           Tyler Wotherspoon        50     1   2  2  
 2 Tyson Strachan           Sami Vatanen             50     1   2  2  

Penalty Kill - 3 Players Forward 
   Forward                                           Time % Phy DF OF 
 1 Victor Rask                                       50     1   2  2  
 2 Patrick Holland                                   50     1   2  2  

Penalty Kill - 3 Players Defense
   Defense                  Defense                  Time % Phy DF OF 
 1 Sergei Gonchar           Tyler Wotherspoon        50     1   2  2  
 2 Tyson Strachan           Ryan Murphy              50     1   2  2  

4 vs 4 Forward 
   Center                   Wing                     Time % Phy DF OF 
 1 Johan Larsson            Tomas Fleischmann        50     1   2  2  
 2 Max Reinhart             Devante Smith-Pelly      50     1   2  2  

4 vs 4 Defense
   Defense                  Defense                  Time % Phy DF OF 
 1 Sergei Gonchar           Sami Vatanen             50     1   2  2  
 2 Stuart Percy             Ryan Murphy              50     1   2  2  

Last Minutes Offensive
   Center                   Left Wing                Right Wing               Defense                  Defense                  
   Johan Larsson            Tomas Fleischmann        Devante Smith-Pelly      Sergei Gonchar           Sami Vatanen             

Last Minutes Defensive
   Center                   Left Wing                Right Wing               Defense                  Defense                  
   Max Reinhart             Lucas Lessio             Jordan Caron             Tyler Wotherspoon        Ryan Murphy              

Goaltenders
Starting : Tomas Vokoun             
Backup : Eddie Pasquale           

Extra Forwards
Normal : Lucas Lessio, Jordan Caron, Nikita Kucherov - PP : Lucas Lessio, Jordan Caron - PK : Nikita Kucherov
Extra Defensemen
Normal : Tyler Wotherspoon, Ryan Murphy, Stuart Percy - PP : Tyler Wotherspoon - PK : Sami Vatanen, Stuart Percy
Penalty Shots
Nikita Kucherov, Lucas Lessio, Max Reinhart, Devante Smith-Pelly, Sven Baertschi

Stars

5 vs 5 Forward 
   Center                   Left Wing                Right Wing               Time % Phy DF OF 
 1 Zac Dalpe                Justin Shugg             Spencer Machacek         35     1   2  2  
 2 Wacey Hamilton           Matt Watkins             Michael Davies           30     1   2  2  
 3 Matt Lowry               Carter Bancks            Alexandre Grenier        22     1   2  2  
 4 Zac Dalpe                Justin Shugg             Alexandre Grenier        13     1   2  2  

5 vs 5 Defense 
   Defense                  Defense                                           Time % Phy DF OF 
 1 Cameron Gaunce           Jamie Oleksiak                                    35     1   2  2  
 2 Steven Delisle           Carlo Colaiacovo                                  30     1   2  2  
 3 Jamie Oleksiak           Cameron Gaunce                                    22     1   2  2  
 4 Austin Madaisky          Steven Delisle                                    13     1   2  2  

PowerPlay Forward 
   Center                   Left Wing                Right Wing               Time % Phy DF OF 
 1 Zac Dalpe                Justin Shugg             Alexandre Grenier        60     1   2  2  
 2 Wacey Hamilton           Matt Watkins             Michael Davies           40     1   2  2  

PowerPlay Defense
   Defense                  Defense                                           Time % Phy DF OF 
 1 Jamie Oleksiak           Carlo Colaiacovo                                  60     1   2  2  
 2 Steven Delisle           Austin Madaisky                                   40     1   2  2  

Penalty Kill 4 Players Forward 
   Center                   Wing                     Time % Phy DF OF 
 1 Carter Bancks            Alexandre Grenier        60     1   2  2  
 2 Justin Shugg             Michael Davies           40     1   2  2  

Penalty Kill 4 Players Defense
   Defense                  Defense                  Time % Phy DF OF 
 1 Cameron Gaunce           Jamie Oleksiak           60     1   2  2  
 2 Steven Delisle           Carlo Colaiacovo         40     1   2  2  

Penalty Kill - 3 Players Forward 
   Forward                                           Time % Phy DF OF 
 1 Justin Shugg                                      60     1   2  2  
 2 Michael Davies                                    40     1   2  2  

Penalty Kill - 3 Players Defense
   Defense                  Defense                  Time % Phy DF OF 
 1 Cameron Gaunce           Carlo Colaiacovo         60     1   2  2  
 2 Steven Delisle           Jamie Oleksiak           40     1   2  2  

4 vs 4 Forward 
   Center                   Wing                     Time % Phy DF OF 
 1 Spencer Machacek         Alexandre Grenier        60     1   2  2  
 2 Justin Shugg             Michael Davies           40     1   2  2  

4 vs 4 Defense
   Defense                  Defense                  Time % Phy DF OF 
 1 Carlo Colaiacovo         Steven Delisle           60     1   2  2  
 2 Cameron Gaunce           Jamie Oleksiak           40     1   2  2  

Last Minutes Offensive
   Center                   Left Wing                Right Wing               Defense                  Defense                  
   Zac Dalpe                Justin Shugg             Spencer Machacek         Jamie Oleksiak           Carlo Colaiacovo         

Last Minutes Defensive
   Center                   Left Wing                Right Wing               Defense                  Defense                  
   Zac Dalpe                Justin Shugg             Spencer Machacek         Jamie Oleksiak           Carlo Colaiacovo         

Goaltenders
Starting : Hannu Toivonen           
Backup : Joey MacDonald           

Extra Forwards
Normal : Alexandre Grenier, Justin Shugg, Carter Bancks - PP : Alexandre Grenier, Justin Shugg - PK : Carter Bancks
Extra Defensemen
Normal : Carlo Colaiacovo, Steven Delisle, Cameron Gaunce - PP : Steven Delisle - PK : Steven Delisle, Carlo Colaiacovo
Penalty Shots
Carter Bancks, Zac Dalpe, Justin Shugg, Michael Davies, Alexandre Grenier

% Time on Ice - Heat

Lines # - Real PCT - Wanted PCT - Time Play
Normal Forward
1 - 31% - 34% - 15:35
2 - 27% - 30% - 13:41
3 - 24% - 24% - 12:06
4 - 18% - 12% - 9:16
Normal Defense
1 - 33% - 35% - 16:57
2 - 31% - 30% - 15:31
3 - 31% - 25% - 15:30
4 - 5% - 10% - 2:40
PP Forward
1 - 49% - 50% - 3:39
2 - 51% - 50% - 3:44
PP Defense
1 - 34% - 50% - 2:31
2 - 66% - 50% - 4:52
PK Forward
1 - 51% - 50% - 1:01
2 - 49% - 50% - 0:58
PK Defense
1 - 53% - 50% - 1:03
2 - 47% - 50% - 0:56
PK3 Forward
1 - 0% - 50%
2 - 0% - 50%
PK3 Defense
1 - 0% - 50%
2 - 0% - 50%
44 Forward
1 - 0% - 50%
2 - 0% - 50%
44 Defense
1 - 0% - 50%
2 - 0% - 50%
Last Minute Offensive  - 0:00
Last Minute Defensive  - 0:00
Total
Forward - 60:00
Defense - 60:00

% Time on Ice - Stars

Lines # - Real PCT - Wanted PCT - Time Play
Normal Forward
1 - 33% - 35% - 16:46
2 - 35% - 30% - 17:38
3 - 27% - 22% - 13:41
4 - 5% - 13% - 2:33
Normal Defense
1 - 30% - 35% - 14:59
2 - 26% - 30% - 13:04
3 - 17% - 22% - 8:23
4 - 28% - 13% - 14:12
PP Forward
1 - 45% - 60% - 0:53
2 - 55% - 40% - 1:06
PP Defense
1 - 45% - 60% - 0:53
2 - 55% - 40% - 1:06
PK Forward
1 - 79% - 60% - 5:49
2 - 21% - 40% - 1:34
PK Defense
1 - 30% - 60% - 2:15
2 - 70% - 40% - 5:08
PK3 Forward
1 - 0% - 60%
2 - 0% - 40%
PK3 Defense
1 - 0% - 60%
2 - 0% - 40%
44 Forward
1 - 0% - 60%
2 - 0% - 40%
44 Defense
1 - 0% - 60%
2 - 0% - 40%
Last Minute Offensive  - 0:00
Last Minute Defensive  - 0:00
Total
Forward - 60:00
Defense - 60:00

Play by Play

1st period


0:01 of 1st period - Johan Larsson wins face-off versus Zac Dalpe in neutral zone.
0:28 of 1st period - Wrist shot by Tomas Fleischmann.
0:28 of 1st period - Stopped by Hannu Toivonen with a rebound.
0:38 of 1st period - Snap shot by Tomas Fleischmann.
0:38 of 1st period - Deflect By Devante Smith-Pelly.
0:38 of 1st period - Stopped by Hannu Toivonen with a rebound.
1:12 of 1st period - Slapshot by Sven Baertschi.
1:12 of 1st period - Shot Misses the Net.
1:35 of 1st period - Tyson Strachan is hit by Justin Shugg and loses puck.
1:42 of 1st period - Zac Dalpe is hit by Tyson Strachan and loses puck.
1:59 of 1st period - Slapshot by Nikita Kucherov.
1:59 of 1st period - Stopped by Hannu Toivonen with a rebound.
2:34 of 1st period - Minor Penalty to Wacey Hamilton for Hooking.
2:35 of 1st period - Johan Larsson wins face-off versus Carter Bancks in Stars zone.
3:00 of 1st period - Snap shot by Alexandre Grenier.
3:00 of 1st period - Shot Misses the Net.
4:19 of 1st period - Alexandre Grenier is hit by Johan Larsson and loses puck.
4:34 of 1st period - Penalty to Wacey Hamilton is over, Wacey Hamilton is back on ice.
4:52 of 1st period - Sami Vatanen is hit by Wacey Hamilton and loses puck.
5:09 of 1st period - Snap shot by Jordan Caron.
5:09 of 1st period - Goal by Jordan Caron - Heat : 1 - Stars : 0.
5:10 of 1st period - Patrick Holland wins face-off versus Wacey Hamilton in neutral zone.
5:15 of 1st period - Wrist shot by Lucas Lessio.
5:15 of 1st period - Deflect By Michael Ferland.
5:15 of 1st period - Stopped by Hannu Toivonen with a rebound.
5:17 of 1st period - Snap shot by Michael Ferland.
5:17 of 1st period - Stopped by Hannu Toivonen without a rebound.
5:18 of 1st period - Lucas Lessio wins face-off versus Wacey Hamilton in Stars zone.
5:29 of 1st period - Wrist shot by Lucas Lessio.
5:29 of 1st period - Stopped by Hannu Toivonen with a rebound.
5:31 of 1st period - Snap shot by Lucas Lessio.
5:31 of 1st period - Shot Misses the Net.
6:59 of 1st period - Snap shot by Rickard Rakell.
6:59 of 1st period - Stopped by Hannu Toivonen without a rebound.
7:00 of 1st period - Max Reinhart wins face-off versus Spencer Machacek in Stars zone.
7:23 of 1st period - Wrist shot by Rickard Rakell.
7:23 of 1st period - Shot Misses the Net.
7:53 of 1st period - Snap shot by Alexandre Grenier.
7:53 of 1st period - Shot Misses the Net.
7:55 of 1st period - Wrist shot by Matt Lowry.
7:55 of 1st period - Shot Blocked by Tyson Strachan.
7:59 of 1st period - Snap shot by Alexandre Grenier.
7:59 of 1st period - Stopped by Tomas Vokoun with a rebound.
8:01 of 1st period - Snap shot by Carter Bancks.
8:01 of 1st period - Deflect By Matt Lowry.
8:01 of 1st period - Stopped by Tomas Vokoun without a rebound.
8:02 of 1st period - Johan Larsson wins face-off versus Matt Lowry in Heat zone.
8:17 of 1st period - Slapshot by Tomas Fleischmann.
8:17 of 1st period - Goal by Tomas Fleischmann - Heat : 2 - Stars : 0.
8:18 of 1st period - Wacey Hamilton wins face-off versus Devante Smith-Pelly in neutral zone.
8:29 of 1st period - Wrist shot by Michael Davies.
8:29 of 1st period - Deflect By Matt Watkins.
8:29 of 1st period - Stopped by Tomas Vokoun without a rebound.
8:30 of 1st period - Wacey Hamilton wins face-off versus Johan Larsson in Heat zone.
8:47 of 1st period - Snap shot by Michael Davies.
8:47 of 1st period - Shot Blocked by Sergei Gonchar.
8:49 of 1st period - Wrist shot by Jamie Oleksiak.
8:49 of 1st period - Stopped by Tomas Vokoun without a rebound.
8:50 of 1st period - Max Reinhart wins face-off versus Matt Lowry in Heat zone.
9:14 of 1st period - Alexandre Grenier is hit by Rickard Rakell and loses puck.
9:29 of 1st period - Tyson Strachan is hit by Steven Delisle and loses puck.
10:55 of 1st period - Wrist shot by Nikita Kucherov.
10:55 of 1st period - Shot Misses the Net.
11:24 of 1st period - Wrist shot by Ryan Murphy.
11:24 of 1st period - Stopped by Hannu Toivonen with a rebound.
11:26 of 1st period - Snap shot by Patrick Holland.
11:26 of 1st period - Stopped by Hannu Toivonen without a rebound.
11:27 of 1st period - Matt Lowry wins face-off versus Patrick Holland in Stars zone.
12:15 of 1st period - Off-side.
12:16 of 1st period - Zac Dalpe wins face-off versus Max Reinhart in neutral zone.
13:40 of 1st period - Slapshot by Sami Vatanen.
13:40 of 1st period - Stopped by Hannu Toivonen with a rebound.
13:50 of 1st period - Wrist shot by Nikita Kucherov.
13:50 of 1st period - Shot Blocked by Austin Madaisky.
13:59 of 1st period - Minor Penalty to Steven Delisle for Interference.
14:00 of 1st period - Carter Bancks wins face-off versus Max Reinhart in Stars zone.
14:00 of 1st period - Carter Bancks is hit by Rickard Rakell.
14:29 of 1st period - Cameron Gaunce is hit by Tyson Strachan and loses puck.
14:42 of 1st period - Tyson Strachan is hit by Carter Bancks and loses puck.
14:59 of 1st period - Alexandre Grenier is hit by Johan Larsson and loses puck.
15:08 of 1st period - Slapshot by Tomas Fleischmann.
15:08 of 1st period - Goal by Tomas Fleischmann - Heat : 3 - Stars : 0.
15:09 of 1st period - Justin Shugg wins face-off versus Victor Rask in neutral zone.
15:33 of 1st period - Snap shot by Nikita Kucherov.
15:33 of 1st period - Shot Misses the Net.
15:35 of 1st period - Slapshot by Sergei Gonchar.
15:35 of 1st period - Stopped by Hannu Toivonen with a rebound.
15:37 of 1st period - Snap shot by Sami Vatanen.
15:37 of 1st period - Stopped by Hannu Toivonen with a rebound.
15:39 of 1st period - Slapshot by Victor Rask.
15:39 of 1st period - Shot Blocked by Steven Delisle.
15:41 of 1st period - Snap shot by Sergei Gonchar.
15:41 of 1st period - Goal by Sergei Gonchar - Heat : 4 - Stars : 0.
15:41 of 1st period - Joey MacDonald enters game.
15:42 of 1st period - Wacey Hamilton wins face-off versus Johan Larsson in neutral zone.
16:30 of 1st period - Sergei Gonchar is hit by Justin Shugg and loses puck.
16:49 of 1st period - Sami Vatanen is hit by Alexandre Grenier and loses puck.
18:50 of 1st period - Icing by Cameron Gaunce.
18:51 of 1st period - Johan Larsson wins face-off versus Wacey Hamilton in Stars zone.
19:06 of 1st period - Snap shot by Tomas Fleischmann.
19:06 of 1st period - Shot Misses the Net.
19:23 of 1st period - Off-side.
19:24 of 1st period - Max Reinhart wins face-off versus Zac Dalpe in neutral zone.
19:48 of 1st period - Wrist shot by Sven Baertschi.
19:48 of 1st period - Stopped by Joey MacDonald with a rebound.
19:54 of 1st period - Snap shot by Rickard Rakell.
19:54 of 1st period - Stopped by Joey MacDonald with a rebound.
Goals for this period are 4 for Heat vs 0 for Stars.
Shots for this period are 18 for Heat vs 4 for Stars.

2nd period


0:01 of 2nd period - Zac Dalpe wins face-off versus Johan Larsson in neutral zone.
0:06 of 2nd period - Wrist shot by Tomas Fleischmann.
0:06 of 2nd period - Stopped by Joey MacDonald without a rebound.
0:07 of 2nd period - Zac Dalpe wins face-off versus Johan Larsson in Stars zone.
0:12 of 2nd period - Wrist shot by Alexandre Grenier.
0:12 of 2nd period - Shot Misses the Net.
0:45 of 2nd period - Minor Penalty to Alexandre Grenier for Hooking.
0:46 of 2nd period - Carter Bancks wins face-off versus Max Reinhart in Stars zone.
0:58 of 2nd period - Backhand shot by Ryan Murphy.
0:58 of 2nd period - Shot Blocked by Cameron Gaunce.
1:00 of 2nd period - Slapshot by Tyson Strachan.
1:00 of 2nd period - Shot Misses the Net.
1:02 of 2nd period - Slapshot by Tyson Strachan.
1:02 of 2nd period - Deflect By Jamie Oleksiak.
1:02 of 2nd period - Goal by Tyson Strachan - Heat : 5 - Stars : 0.
1:03 of 2nd period - Matt Lowry wins face-off versus Max Reinhart in neutral zone.
1:25 of 2nd period - Off-side.
1:26 of 2nd period - Johan Larsson wins face-off versus Zac Dalpe in neutral zone.
1:35 of 2nd period - Snap shot by Spencer Machacek.
1:35 of 2nd period - Stopped by Tomas Vokoun without a rebound.
1:36 of 2nd period - Zac Dalpe wins face-off versus Johan Larsson in Heat zone.
1:37 of 2nd period - Wrist shot by Spencer Machacek.
1:37 of 2nd period - Shot Blocked by Sami Vatanen.
2:27 of 2nd period - Snap shot by Nikita Kucherov.
2:27 of 2nd period - Stopped by Joey MacDonald with a rebound.
2:29 of 2nd period - Minor Penalty to Steven Delisle for Tripping.
2:30 of 2nd period - Max Reinhart wins face-off versus Carter Bancks in Stars zone.
2:42 of 2nd period - Slapshot by Sven Baertschi.
2:42 of 2nd period - Shot Blocked by Alexandre Grenier.
2:44 of 2nd period - Slapshot by Ryan Murphy.
2:44 of 2nd period - Shot Blocked by Alexandre Grenier.
2:46 of 2nd period - Slapshot by Rickard Rakell.
2:46 of 2nd period - Shot Misses the Net.
3:00 of 2nd period - Slapshot by Rickard Rakell.
3:00 of 2nd period - Stopped by Joey MacDonald with a rebound.
3:02 of 2nd period - Snap shot by Max Reinhart.
3:02 of 2nd period - Stopped by Joey MacDonald with a rebound.
3:57 of 2nd period - Rickard Rakell is hit by Michael Davies and loses puck.
4:08 of 2nd period - Snap shot by Carlo Colaiacovo.
4:08 of 2nd period - Shot Blocked by Max Reinhart.
4:10 of 2nd period - Slapshot by Carlo Colaiacovo.
4:10 of 2nd period - Deflect By Justin Shugg.
4:10 of 2nd period - Shot Blocked by Tyson Strachan.
4:10 of 2nd period - Puck is out of play.
4:11 of 2nd period - Sven Baertschi wins face-off versus Justin Shugg in Heat zone.
4:29 of 2nd period - Penalty to Steven Delisle is over, Steven Delisle is back on ice.
4:53 of 2nd period - Icing by Sergei Gonchar.
4:54 of 2nd period - Victor Rask wins face-off versus Michael Davies in Heat zone.
5:15 of 2nd period - Austin Madaisky is hit by Jordan Caron and loses puck.
6:07 of 2nd period - Spencer Machacek is hit by Michael Ferland and loses puck.
6:31 of 2nd period - Jamie Oleksiak is hit by Max Reinhart and loses puck.
6:44 of 2nd period - Snap shot by Jamie Oleksiak.
6:44 of 2nd period - Deflect By Sami Vatanen.
6:44 of 2nd period - Stopped by Tomas Vokoun with a rebound.
6:46 of 2nd period - Slapshot by Cameron Gaunce.
6:46 of 2nd period - Shot Misses the Net.
7:08 of 2nd period - Wrist shot by Devante Smith-Pelly.
7:08 of 2nd period - Stopped by Joey MacDonald without a rebound.
7:09 of 2nd period - Johan Larsson wins face-off versus Wacey Hamilton in Stars zone.
7:18 of 2nd period - Tomas Fleischmann is hit by Michael Davies and loses puck.
8:18 of 2nd period - Slapshot by Sami Vatanen.
8:18 of 2nd period - Stopped by Joey MacDonald with a rebound.
8:46 of 2nd period - Sergei Gonchar is hit by Jamie Oleksiak.
9:19 of 2nd period - Max Reinhart is hit by Jamie Oleksiak and loses puck.
9:28 of 2nd period - Snap shot by Zac Dalpe.
9:28 of 2nd period - Stopped by Tomas Vokoun with a rebound.
10:02 of 2nd period - Snap shot by Tomas Fleischmann.
10:02 of 2nd period - Shot Misses the Net.
10:04 of 2nd period - Slapshot by Tyson Strachan.
10:04 of 2nd period - Deflect By Johan Larsson.
10:04 of 2nd period - Stopped by Joey MacDonald with a rebound.
10:42 of 2nd period - Wrist shot by Jordan Caron.
10:42 of 2nd period - Shot Misses the Net.
10:44 of 2nd period - Snap shot by Sami Vatanen.
10:44 of 2nd period - Deflect By Nikita Kucherov.
10:44 of 2nd period - Shot Misses the Net.
10:44 of 2nd period - Puck is out of play.
10:45 of 2nd period - Matt Lowry wins face-off versus Victor Rask in Stars zone.
11:43 of 2nd period - Austin Madaisky is hit by Patrick Holland and loses puck.
12:46 of 2nd period - Devante Smith-Pelly is hit by Alexandre Grenier and loses puck.
14:46 of 2nd period - Snap shot by Sven Baertschi.
14:46 of 2nd period - Stopped by Joey MacDonald with a rebound.
15:10 of 2nd period - Wrist shot by Spencer Machacek.
15:10 of 2nd period - Shot Blocked by Sergei Gonchar.
15:46 of 2nd period - Snap shot by Justin Shugg.
15:46 of 2nd period - Shot Blocked by Tomas Fleischmann.
15:48 of 2nd period - Wrist shot by Spencer Machacek.
15:48 of 2nd period - Goal by Spencer Machacek - Heat : 5 - Stars : 1.
15:49 of 2nd period - Wacey Hamilton wins face-off versus Nikita Kucherov in neutral zone.
17:34 of 2nd period - Max Reinhart is hit by Micheal Haley and loses puck.
17:41 of 2nd period - Micheal Haley is hit by Max Reinhart and loses puck.
17:50 of 2nd period - Snap shot by Rickard Rakell.
17:50 of 2nd period - Stopped by Joey MacDonald without a rebound.
17:51 of 2nd period - Patrick Holland wins face-off versus Zac Dalpe in Stars zone.
18:58 of 2nd period - Matt Watkins is hit by Tyson Strachan and loses puck.
19:29 of 2nd period - Slapshot by Ryan Murphy.
19:29 of 2nd period - Stopped by Joey MacDonald with a rebound.
19:31 of 2nd period - Snap shot by Max Reinhart.
19:31 of 2nd period - Shot Blocked by Austin Madaisky.
19:48 of 2nd period - Slapshot by Sven Baertschi.
19:48 of 2nd period - Shot Misses the Net.
Goals for this period are 1 for Heat vs 1 for Stars.
Shots for this period are 11 for Heat vs 4 for Stars.

3rd period


0:01 of 3rd period - Johan Larsson wins face-off versus Zac Dalpe in neutral zone.
0:15 of 3rd period - Snap shot by Zac Dalpe.
0:15 of 3rd period - Stopped by Tomas Vokoun with a rebound.
0:21 of 3rd period - Snap shot by Zac Dalpe.
0:21 of 3rd period - Stopped by Tomas Vokoun with a rebound.
0:23 of 3rd period - Slapshot by Jamie Oleksiak.
0:23 of 3rd period - Shot Blocked by Sergei Gonchar.
0:25 of 3rd period - Backhand shot by Cameron Gaunce.
0:25 of 3rd period - Shot Blocked by Sergei Gonchar.
0:53 of 3rd period - Sergei Gonchar is hit by Cameron Gaunce and loses puck.
1:06 of 3rd period - Ryan Murphy is hit by Jamie Oleksiak and loses puck.
1:41 of 3rd period - Snap shot by Nikita Kucherov.
1:41 of 3rd period - Shot Misses the Net.
1:43 of 3rd period - Slapshot by Tyler Wotherspoon.
1:43 of 3rd period - Deflect By Michael Davies.
1:43 of 3rd period - Stopped by Joey MacDonald with a rebound.
2:19 of 3rd period - Wrist shot by Lucas Lessio.
2:19 of 3rd period - Stopped by Joey MacDonald with a rebound.
2:23 of 3rd period - Slapshot by Ryan Murphy.
2:23 of 3rd period - Stopped by Joey MacDonald with a rebound.
2:25 of 3rd period - Slapshot by Tyson Strachan.
2:25 of 3rd period - Shot Misses the Net.
2:29 of 3rd period - Slapshot by Ryan Murphy.
2:29 of 3rd period - Shot Blocked by Jamie Oleksiak.
2:41 of 3rd period - Slapshot by Ryan Murphy.
2:41 of 3rd period - Stopped by Joey MacDonald without a rebound.
2:42 of 3rd period - Zac Dalpe wins face-off versus Johan Larsson in Stars zone.
3:13 of 3rd period - Slapshot by Johan Larsson.
3:13 of 3rd period - Stopped by Joey MacDonald with a rebound.
3:57 of 3rd period - Carter Bancks is hit by Stuart Percy and loses puck.
4:15 of 3rd period - Minor Penalty to Matt Lowry for Goalie Interference.
4:16 of 3rd period - Carter Bancks wins face-off versus Johan Larsson in Stars zone.
4:19 of 3rd period - Off-side.
4:20 of 3rd period - Johan Larsson wins face-off versus Carter Bancks in neutral zone.
4:51 of 3rd period - Johan Larsson is hit by Steven Delisle and loses puck.
5:12 of 3rd period - Carlo Colaiacovo is hit by Tyson Strachan.
5:15 of 3rd period - Off-side.
5:16 of 3rd period - Carter Bancks wins face-off versus Max Reinhart in neutral zone.
6:15 of 3rd period - Penalty to Matt Lowry is over, Matt Lowry is back on ice.
6:19 of 3rd period - Tyson Strachan is hit by Matt Lowry and loses puck.
6:28 of 3rd period - Snap shot by Justin Shugg.
6:28 of 3rd period - Shot Blocked by Tyson Strachan.
6:30 of 3rd period - Snap shot by Michael Davies.
6:30 of 3rd period - Shot Misses the Net.
6:32 of 3rd period - Snap shot by Justin Shugg.
6:32 of 3rd period - Stopped by Tomas Vokoun with a rebound.
6:34 of 3rd period - Backhand shot by Michael Davies.
6:34 of 3rd period - Deflect By Justin Shugg.
6:34 of 3rd period - Shot Misses the Net.
6:34 of 3rd period - Puck is out of play.
6:35 of 3rd period - Zac Dalpe wins face-off versus Victor Rask in Heat zone.
6:46 of 3rd period - Snap shot by Zac Dalpe.
6:46 of 3rd period - Stopped by Tomas Vokoun with a rebound.
7:02 of 3rd period - Slapshot by Jordan Caron.
7:02 of 3rd period - Stopped by Joey MacDonald with a rebound.
8:34 of 3rd period - Steven Delisle is hit by Devante Smith-Pelly and loses puck.
9:13 of 3rd period - Steven Delisle is hit by Rickard Rakell.
9:54 of 3rd period - Cameron Gaunce is hit by Ryan Murphy and loses puck.
10:03 of 3rd period - Snap shot by Nikita Kucherov.
10:03 of 3rd period - Stopped by Joey MacDonald with a rebound.
10:37 of 3rd period - Snap shot by Tyler Wotherspoon.
10:37 of 3rd period - Deflect By Lucas Lessio.
10:37 of 3rd period - Stopped by Joey MacDonald without a rebound.
10:38 of 3rd period - Patrick Holland wins face-off versus Zac Dalpe in Stars zone.
10:43 of 3rd period - Snap shot by Lucas Lessio.
10:43 of 3rd period - Shot Misses the Net.
10:50 of 3rd period - Slapshot by Tyson Strachan.
10:50 of 3rd period - Stopped by Joey MacDonald with a rebound.
10:52 of 3rd period - Snap shot by Lucas Lessio.
10:52 of 3rd period - Stopped by Joey MacDonald without a rebound.
10:53 of 3rd period - Zac Dalpe wins face-off versus Johan Larsson in Stars zone.
11:11 of 3rd period - Wrist shot by Tomas Fleischmann.
11:11 of 3rd period - Shot Misses the Net.
11:13 of 3rd period - Snap shot by Johan Larsson.
11:13 of 3rd period - Shot Blocked by Austin Madaisky.
11:15 of 3rd period - Wrist shot by Tomas Fleischmann.
11:15 of 3rd period - Shot Misses the Net.
12:17 of 3rd period - Wrist shot by Alexandre Grenier.
12:17 of 3rd period - Stopped by Tomas Vokoun with a rebound.
12:19 of 3rd period - Wrist shot by Matt Lowry.
12:19 of 3rd period - Deflect By Tomas Fleischmann.
12:19 of 3rd period - Shot Blocked by Tyler Wotherspoon.
12:19 of 3rd period - Puck is out of play.
12:20 of 3rd period - Max Reinhart wins face-off versus Matt Lowry in Heat zone.
12:47 of 3rd period - Snap shot by Sergei Gonchar.
12:47 of 3rd period - Shot Misses the Net.
12:49 of 3rd period - Snap shot by Max Reinhart.
12:49 of 3rd period - Deflect By Sven Baertschi.
12:49 of 3rd period - Shot Misses the Net.
12:49 of 3rd period - Puck is out of play.
12:50 of 3rd period - Victor Rask wins face-off versus Zac Dalpe in Stars zone.
12:51 of 3rd period - Wrist shot by Nikita Kucherov.
12:51 of 3rd period - Shot Misses the Net.
12:53 of 3rd period - Slapshot by Ryan Murphy.
12:53 of 3rd period - Shot Blocked by Spencer Machacek.
12:59 of 3rd period - Wrist shot by Nikita Kucherov.
12:59 of 3rd period - Deflect By Jordan Caron.
12:59 of 3rd period - Shot Misses the Net.
12:59 of 3rd period - Puck is out of play.
13:00 of 3rd period - Victor Rask wins face-off versus Zac Dalpe in Stars zone.
13:01 of 3rd period - Slapshot by Ryan Murphy.
13:01 of 3rd period - Stopped by Joey MacDonald with a rebound.
13:03 of 3rd period - Slapshot by Jordan Caron.
13:03 of 3rd period - Stopped by Joey MacDonald with a rebound.
14:58 of 3rd period - Slapshot by Carlo Colaiacovo.
14:58 of 3rd period - Shot Blocked by Sergei Gonchar.
15:00 of 3rd period - Slapshot by Zac Dalpe.
15:00 of 3rd period - Shot Misses the Net.
15:02 of 3rd period - Backhand shot by Jamie Oleksiak.
15:02 of 3rd period - Shot Misses the Net.
15:04 of 3rd period - Wrist shot by Zac Dalpe.
15:04 of 3rd period - Shot Misses the Net.
15:06 of 3rd period - Slapshot by Carlo Colaiacovo.
15:06 of 3rd period - Stopped by Tomas Vokoun with a rebound.
15:29 of 3rd period - Slapshot by Carlo Colaiacovo.
15:29 of 3rd period - Shot Misses the Net.
15:46 of 3rd period - Minor Penalty to Stuart Percy for Hooking.
15:47 of 3rd period - Victor Rask wins face-off versus Wacey Hamilton in Heat zone.
17:03 of 3rd period - Justin Shugg is hit by Lucas Lessio and loses puck.
17:24 of 3rd period - Wrist shot by Micheal Haley.
17:24 of 3rd period - Shot Blocked by Sami Vatanen.
17:26 of 3rd period - Slapshot by Austin Madaisky.
17:26 of 3rd period - Shot Misses the Net.
17:28 of 3rd period - Snap shot by Matt Watkins.
17:28 of 3rd period - Shot Misses the Net.
17:30 of 3rd period - Wrist shot by Wacey Hamilton.
17:30 of 3rd period - Shot Misses the Net.
17:32 of 3rd period - Snap shot by Micheal Haley.
17:32 of 3rd period - Stopped by Tomas Vokoun without a rebound.
17:33 of 3rd period - Wacey Hamilton wins face-off versus Victor Rask in Heat zone.
17:34 of 3rd period - Backhand shot by Matt Watkins.
17:34 of 3rd period - Stopped by Tomas Vokoun with a rebound.
17:46 of 3rd period - Penalty to Stuart Percy is over, Stuart Percy is back on ice.
17:52 of 3rd period - Snap shot by Alexandre Grenier.
17:52 of 3rd period - Stopped by Tomas Vokoun with a rebound.
17:54 of 3rd period - Slapshot by Carlo Colaiacovo.
17:54 of 3rd period - Stopped by Tomas Vokoun with a rebound.
17:56 of 3rd period - Wrist shot by Justin Shugg.
17:56 of 3rd period - Stopped by Tomas Vokoun without a rebound.
17:57 of 3rd period - Johan Larsson wins face-off versus Justin Shugg in Heat zone.
18:20 of 3rd period - Wrist shot by Tomas Fleischmann.
18:20 of 3rd period - Deflect By Jamie Oleksiak.
18:20 of 3rd period - Shot Misses the Net.
18:20 of 3rd period - Puck is out of play.
18:21 of 3rd period - Max Reinhart wins face-off versus Matt Lowry in Stars zone.
19:27 of 3rd period - Off-side.
19:28 of 3rd period - Victor Rask wins face-off versus Spencer Machacek in neutral zone.
Goals for this period are 0 for Heat vs 0 for Stars.
Shots for this period are 12 for Heat vs 11 for Stars.


Output by the SimonT Hockey Simulator (STHS) for Eric Dolegowski -- Original Page W3C XHTML 1.0 Valid
Hockey Simulator - Hockey Simulation - Hockey Manager